 Dungeon Crawl Stone Soup version 0.25.1-4-g9407a263a5 (webtiles) character file.

Game seed: 3405624129324294812

1202 Gabide the Poker (level 8, -1/63 HPs)
             Began as a Demigod Gladiator on Nov 28, 2020.
             Slain by an orc priest
             ... wielding a cursed -2 mace
              (5 damage)
             ... on level 5 of the Dungeon.
             The game lasted 00:13:23 (5329 turns).

Gabide the Poker (Demigod Gladiator)                Turns: 5329, Time: 00:13:27

Health: -1/63      AC: 11    Str: 14 (15) XL:     8   Next: 1%
Magic:  10/10      EV: 11    Int: 13 (15) God:
Gold:   169        SH:  0    Dex: 18 (19) Spells: 7/7 levels left

rFire    . . .     SeeInvis .   a - +1 trident
rCold    . . .     Gourm    .   (no shield)
rNeg     . . .     Faith    .   t - +0 scale mail
rPois    .         Spirit   .   j - +2 helmet {Int+3}
rElec    .         Reflect  .   (no cloak)
rCorr    .         Harm     .   i - +0 pair of gloves
MR       .....                  (no boots)
Stlth    ..........             (no amulet)
HPRegen  0.20/turn              v - -4 ring of strength (curse)
MPRegen  0.12/turn              (no ring)

@: no status effects
A: high mp 1
a: no special abilities


You were on level 5 of the Dungeon.
You were not hungry.

You visited 1 branch of the dungeon, and saw 5 of its levels.
You also visited: Sewer.

You collected 169 gold pieces.

Inventory:

Hand Weapons
 a - a +1 trident (weapon)
Missiles
 q - 8 poisoned darts (quivered)
Armour
 i - a +0 pair of gloves (worn)
 j - a +2 helmet of intelligence (worn)
 t - a +0 scale mail (worn)
 w - a +3 plate armour
Jewellery
 b - an uncursed ring of fire
 e - an uncursed ring of ice
 v - a cursed -4 ring of strength (left hand)
Wands
 z - a wand of iceblast (6)
Scrolls
 r - 2 scrolls of teleportation
 y - a scroll of magic mapping
Potions
 c - 2 potions of magic
 g - 2 potions of flight
 n - a potion of haste {unknown}
 o - 6 potions of curing {unknown}
 p - 2 potions of invisibility {unknown}
 s - a potion of brilliance {unknown}
 u - a potion of berserk rage {unknown}
Comestibles
 f - 10 rations


   Skills:
 + Level 3.3 Fighting
 + Level 7.1 Polearms
 - Level 1.7 Throwing
 * Level 3.9 Armour
 + Level 4.2 Dodging
 - Level 0.6 Stealth


You had 7 spell levels left.
You didn't know any spells.
Your spell library was empty.

Dungeon Overview and Level Annotations

Branches:
Dungeon (5/15)             Temple (0/1) D:5           Sewer (visited)

Shops:
D:4 (

Annotations:
D:4 3 runed translucent doors, MilkNation's ghost, novice MiGl


Innate Abilities, Weirdness & Mutations

You have an increased reservoir of magic. (+10% MP)


Message History

* * * LOW HITPOINT WARNING * * *
The orc priest misses you.
You hit the orc priest.
The orc priest is heavily wounded.
The orc priest hits you but does no damage.
You hit the orc priest but do no damage.
The orc priest is heavily wounded.
You hit the orc priest but do no damage.
The orc priest is heavily wounded.
Throwing (i - inventory)
q - 9 poisoned darts (quivered)
Press: ? - help, Shift-Dir - straight line, f/p - orc priest
Aim: an orc priest, wielding a -2 mace and wearing a +0 chain mail (heavily wounded)
You throw a poisoned dart. The poisoned dart hits the orc priest.
The orc priest is poisoned.
The orc priest is heavily wounded.
The orc priest calls down the wrath of Beogh upon you.
Pain shoots through your body!
* * * LOW HITPOINT WARNING * * *
The orc priest hits you with a cursed -2 mace.
You die...

.. ...## #.. ..
...##.. ..
#..... #+.
##.>..
#..##....#
####### #.#
#.#.##.o.#
....... #.#
#....##.)#
....... #.#
#...#.###$......
#.#
#.#@o..#........
#.#
#.###.).........
#.# #.#
#........... #.#
#.# #...........
###.##########.#
#...........
...............#
#...........
.##.############
#...........
.<#.#
#.......?...
..#.#
#...........


You could see 2 orc priests.

Vanquished Creatures
  Menkaure (D:4)
  An ice beast (D:5)
  An ogre (D:4)
  5 big kobolds (Sewer)
  A scorpion (D:3)
  A howler monkey (D:3)
  2 hounds (D:4)
  An orc priest (D:3)
  An iguana (D:4)
  2 worker ants (D:4)
  12 adders
  7 river rats
  2 oozes (Sewer)
  4 worms
  5 dart slugs
  2 leopard geckos
  7 orcs
  8 giant cockroaches
  7 goblins
  9 hobgoblins
  3 jackals (D:3)
  A quokka (D:4)
  5 ball pythons
  8 bats
  3 frilled lizards
  13 kobolds
  2 leopard gecko skeletons
  10 rats
124 creatures vanquished.

Notes
Turn   | Place    | Note
-------+----------+-------------------------------------------
     0 | D:1      | Gabide the Demigod Gladiator began the quest for the Orb.
     0 | D:1      | Reached XP level 1. HP: 17/17 MP: 3/3
   217 | D:1      | Reached XP level 2. HP: 22/24 MP: 4/4
   327 | D:1      | Reached skill level 3 in Polearms
   753 | D:2      | Reached XP level 3. HP: 21/29 MP: 5/5
  1340 | D:2      | Reached XP level 4. HP: 36/36 MP: 6/6
  1680 | D:2      | Reached skill level 4 in Polearms
  1733 | D:3      | Reached skill level 1 in Armour
  1935 | D:3      | Reached XP level 5. HP: 36/41 MP: 7/7
  2242 | D:3      | Found a glowing drain.
  2287 | Sewer    | Entered a sewer
  2417 | Sewer    | Reached skill level 5 in Polearms
  2420 | Sewer    | Reached XP level 6. HP: 48/48 MP: 8/8
  3063 | Sewer    | Reached skill level 6 in Polearms
  3063 | Sewer    | Reached XP level 7. HP: 39/56 MP: 9/9
  3392 | D:3      | Found a radiant altar of Vehumet.
  3533 | D:3      | Found a shadowy altar of Dithmenos.
  4160 | D:4      | Found Feodoe Utsef's Weapon Emporium.
  4462 | D:4      | Identified the +7 whip of Responsibility {vorpal, Dex+3}
  4465 | D:4      | Found a runed translucent gate.
  4465 | D:4      | Noticed MilkNation's ghost (novice MiGl)
  4482 | D:4      | Noticed Menkaure
  4490 | D:4      | Killed Menkaure
  4875 | D:4      | Found a runed translucent gate.
  4876 | D:4      | Found a runed translucent gate.
  4878 | D:4      | Found a roughly hewn altar of Beogh.
  5222 | D:5      | Entered Level 5 of the Dungeon
  5246 | D:5      | Found a staircase to the Ecumenical Temple.
  5269 | D:5      | Reached skill level 7 in Polearms
  5269 | D:5      | Reached XP level 8. HP: 37/63 MP: 10/10
  5329 | D:5      | Slain by an orc priest

Illustrated notes

Levels and vault maps discovered:
D:1:      nagdon_arrival_zigzag_paths, layout_rooms
D:2:      layout_basic
D:3:      layout_loops_ring, nicolae_dithmenos_through_a_glass_darkly,
          lemuel_doored_altar, marbit_many_paths, portal_sewer_entry_e,
          minmay_mini_jars
D:4:      layout_cave_pods, first_ration, serial_shops, shop,
          biasface_ghost_orc_armoury, minivault_24, moated_statue,
          minmay_pentangle, uniq_menkaure
D:5:      layout_basic, minitemple, minmay_temple_entry_wispy, serial_shops,
          kennysheep_mini_moat, shop_statue, shop, tgw_xom

Skill      XL: |  1  2  3  4  5  6  7 |
---------------+----------------------+-----
Dodging        | 3 4 |  4.2
Polearms       | 3 4 5 6 7 |  7.1
Fighting       | 2 3 |  3.3
Armour         | 1 2 3 |  3.9
Throwing       | |  1.7
Stealth        | |  0.6

Action                   |  1- 3 |  4- 6 |  7- 9 || total
-------------------------+-------+-------+-------++-------
Melee: Trident           |   141 |   231 |   177 ||   549
Throw: Throwing net      |     2 |     2 |     2 ||     6
       Dart              |       |    23 |    13 ||    36
  Use: Scroll            |     2 |     5 |     3 ||    10
       Potion            |       |       |     6 ||     6
 Stab: Sleeping          |     6 |       |       ||     6
       Distracted        |     1 |       |       ||     1
       Held in net/web   |       |       |     4 ||     4
  Eat: Chunk             |     2 |     6 |     4 ||    12
       Ration            |       |       |     1 ||     1
Armor: Leather armour    |    31 |     3 |       ||    34
       Scale mail        |       |    53 |    70 ||   123
Dodge: Dodged            |    69 |   103 |   104 ||   276
